cohdb
Replays
Latest Replays
All Replays
Popular Replays
Top Player Replays
Match Explorer
How It Works
Community
CoH3 Stats
Reddit
Sign in to upload your games and track your stats! →
Sign in with Steam
Match 46239091
Unlisted
Match 46239091
Overview
Messages
Build Orders
End
Engineer Squad
Construct Weapon Support Center
Bazooka Squad
M1919 Machine Gun Team
Scout Squad
Infantry Support Center
Construct Medical Station
Selects Advanced Infantry Battlegroup
M1919 Machine Gun Team
Selects Artillery Observers
.30 cal Machine Gun
Bazooka Squad
Improved M9 Bazooka Rockets
Artillery Observer Squad
Engineer Squad
Selects M2A1 105mm Howitzer Emplacement
.30 cal Machine Gun
Selects Free Fire Drills
Bazooka Squad
Bazooka Squad
Artillery Observer Squad
Bazooka Squad
Selects Convert to Ranger Squad
Selects Frontline Medical Station
Selects Infantry Assault
Infantry Assault
Advanced Logistics
Survival Training
Infantry Assault
Infantry Assault
Bazooka Squad
Bazooka Squad
Infantry Assault
Infantry Assault
Infantry Assault
M1919 Machine Gun Team
Engineer Squad
Infantry Assault
Brick_man
我是人ds
gghhhjjkkll
jaws2005
不吃芹菜
来吃鱼啊
[PD] [9C] [FT] Claudius Tacitus
Nico-Nico-Nii~~
0
0
Comments
sign in to comment!
No comments posted yet!